 Dungeon Crawl Stone Soup version 0.23.0-3-gf3c87f2 (webtiles) character file.

Game seed: 925968604790213744

295 Borgoz the Skirmisher (level 6, 0/56 HPs)
             Began as a Ghoul Monk on Feb 23, 2019.
             Slain by a centaur (5 damage)
             ... on level 3 of the Dungeon.
             The game lasted 00:04:43 (2322 turns).

Borgoz the Skirmisher (Ghoul Monk)                  Turns: 2322, Time: 00:04:44

Health: 0/56       AC:  3    Str: 16    XL:     6   Next: 34%
Magic:  14/14      EV: 13    Int:  5    God:
Gold:   137        SH:  0    Dex: 12    Spells: 5/5 levels left

rFire    . . .     SeeInvis .   a - +0 dagger (venom)
rCold    + . .     Gourm    .   (no shield)
rNeg     + + +     Faith    .   k - +0 leather armour
rPois    ∞         Spirit   .   (no helmet)
rElec    .         Reflect  .   (no cloak)
rCorr    .         Harm     .   (no gloves)
MR       .....                  (no boots)
Stlth    ++........             (no amulet)
HPRegen  0.00/turn              l - ring of magical power
MPRegen  0.14/turn              (no ring)

@: rotting
A: rotting body, claws 1, carnivore, cold resistance 1, negative energy
resistance 3, inhibited regeneration, torment resistance, unbreathing
a: no special abilities


You were on level 3 of the Dungeon.
You were not hungry.

You visited 1 branch of the dungeon, and saw 3 of its levels.

You collected 137 gold pieces.

Inventory:

Hand Weapons
 a - a +0 dagger of venom (weapon)
Armour
 k - a +0 leather armour (worn)
Jewellery
 b - an uncursed amulet of regeneration {unknown}
 g - a cursed -2 ring of evasion {unknown}
 l - a ring of magical power (left claw)
Wands
 d - a wand of random effects (40)
Scrolls
 f - 2 scrolls of fog
 h - 4 scrolls of identify
 n - a scroll of teleportation
 p - a scroll of magic mapping {unknown}
Potions
 e - a potion of brilliance
 j - 3 potions of curing
 m - a potion of haste
 o - a potion of ambrosia {unknown}
 q - a potion of might {unknown}
Comestibles
 c - 4 rations
 i - 2 chunks of flesh


   Skills:
 * Level 5.1 Fighting
 * Level 4.2 Short Blades
 + Level 3.4 Dodging
 + Level 3.7 Stealth


You had 5 spell levels left.
You didn't know any spells.
Your spell library was empty.

Dungeon Overview and Level Annotations

Branches:
Dungeon (3/15)

Altars:
Cheibriados
Wu Jian


Innate Abilities, Weirdness & Mutations

Your body is rotting away.
You thrive on raw meat.
You are immune to poison.
You have sharp fingernails.
You are carnivorous and can eat meat at any time.
Your flesh is cold resistant. (rC+)
You are immune to negative energy. (rN+++)
You do not regenerate when monsters are visible.
You are immune to unholy pain and torment.
You can survive without breathing.


Message History

You hit the centaur.
The centaur is poisoned.
The centaur is lightly wounded.
The centaur completely misses you.
The ball python bites you but does no damage.
The ball python constricts you. The centaur hits you.
You barely miss the centaur.
The centaur is lightly wounded.
The centaur closely misses you. The ball python barely misses you.
The ball python constricts you.
You hit the centaur.
The centaur looks as sick as possible!
The centaur is moderately wounded.
You kill the ball python!
The centaur hits you!
* * * LOW HITPOINT WARNING * * *
Eat one of 3 chunks of flesh? (ye/n/q)
You eat one of the 3 chunks of flesh.
This raw flesh tastes great!
The centaur hits you!
* * * LOW HITPOINT WARNING * * *
The centaur hits you.
You die...

l..##
#######.####
(..#
#...........
..#
#.#####.####
#.# #.# #.####
##.#####.#
#.##..
#........#
#.##..
#..#######
#<##.. #.(#
#.##.. #.@#
#########.##..
#c.#
#.........####
#..#
#.#####<......
#..# #.#
#.###### #..#
#.# #.# # #..#
#.### #.# ##.#
#...# #.# #.#
###.# #.# #.#
#.# #.#


You could see a centaur.

Vanquished Creatures
  Sigmund (D:3)
  Terence (D:2)
  3 adders
  An ooze (D:1)
  2 worms (D:3)
  A dart slug (D:2)
  3 leopard geckos
  3 ball pythons (D:3)
  2 giant cockroaches
  10 goblins
  10 hobgoblins
  6 jackals (D:1)
  4 quokkas
  6 bats
  2 frilled lizards
  10 kobolds
  6 rats
71 creatures vanquished.

Notes
Turn   | Place    | Note
-------+----------+-------------------------------------------
     0 | D:1      | Borgoz the Ghoul Monk began the quest for the Orb.
     0 | D:1      | Reached XP level 1. HP: 19/19 MP: 0/0
   145 | D:1      | Reached XP level 2. HP: 10/26 MP: 1/1
   384 | D:1      | Reached XP level 3. HP: 27/33 MP: 2/2
  1165 | D:2      | Reached skill level 4 in Fighting
  1256 | D:2      | Noticed Terence
  1266 | D:2      | Killed Terence
  1266 | D:2      | Reached XP level 4. HP: 31/40 MP: 3/3
  1516 | D:2      | Found a snail-covered altar of Cheibriados.
  1542 | D:2      | Found an ornate altar of the Wu Jian Council.
  1778 | D:3      | Noticed Sigmund
  1794 | D:3      | Killed Sigmund
  1794 | D:3      | Reached skill level 5 in Fighting
  1794 | D:3      | Reached XP level 5. HP: 31/48 MP: 4/4
  1794 | D:3      | Reached XP level 6. HP: 36/56 MP: 5/5
  2322 | D:3      | Slain by a centaur

Skill      XL: |  1  2  3  4 |
---------------+-------------+-----
Short Blades   | 3 4 |  4.2
Fighting       | 4 5 |  5.1
Dodging        | 3 |  3.4
Stealth        | 3 |  3.7

Action                   |  1- 3 |  4- 6 || total
-------------------------+-------+-------++-------
Melee: Short sword       |   112 |       ||   112
       Dagger            |    45 |   115 ||   160
  Use: Potion            |     2 |     7 ||     9
       Scroll            |     1 |     2 ||     3
 Stab: Sleeping          |     3 |     4 ||     7
  Eat: Chunk             |    18 |     9 ||    27
Armor: Robe              |    11 |       ||    11
       Leather armour    |    13 |    23 ||    36
Dodge: Dodged            |    88 |    63 ||   151
